 Dungeon Crawl Stone Soup version 0.31.0-12-g77e489cdc1 (webtiles) character file.

Game seed: 2735504270891953004

13218 UttericTaro the Cleaver (level 11, -13/94 HPs)
             Began as a Minotaur Fighter on Feb 12, 2024.
             Was a Priest of Nemelex Xobeh.
             Mangled by Gastronok (15 damage)
             ... on level 1 of the Lair of Beasts.
             The game lasted 00:28:21 (10513 turns).

UttericTaro the Cleaver (Minotaur Fighter)         Turns: 10513, Time: 00:28:22

Health: -13/94     AC:  8    Str: 21    XL:     11   Next: 72%
Magic:  13/13      EV: 17    Int:  9    God:    Nemelex Xobeh [***...]
Gold:   468        SH:  0    Dex: 10    Spells: 12/15 levels left

rFire   . . .        C - +1 battleaxe (elec)
rCold   . . .        (shield currently unavailable)
rNeg    . . .        b - +0 scale mail
rPois   .            (helmet restricted)
rElec   .            (no cloak)
rCorr   .            (no gloves)
SInv    .            (no boots)
Will    .....        p - amulet of the acrobat Stlth
                     g - +5 ring of evasion
HPRegen 0.35/turn    v - ring of wizardry
MPRegen 0.13/turn

%: acrobat, wizardry (x1)
@: silenced
A: horns 2, retaliatory headbutt, mutation resistance 1
a: Renounce Religion


You were on level 1 of the Lair of Beasts.
You worshipped Nemelex Xobeh.
Nemelex Xobeh was most pleased with you.
You visited 3 branches of the dungeon, and saw 11 of its levels.
You also visited: Bailey.

You collected 468 gold pieces.

Inventory:

Hand Weapons
 a - a +0 vampiric war axe
 k - a +0 halberd
 n - a +0 quarterstaff
 u - a +2 great sword
 C - a +1 battleaxe of electrocution (weapon)
Missiles
 r - 11 poisoned darts
 z - a dart of dispersal (quivered)
Armour
 b - a +0 scale mail (worn)
 c - a +1 buckler
Jewellery
 g - a +5 ring of evasion (left hand)
 i - a +5 ring of evasion
 p - an amulet of the acrobat (around neck)
 v - a ring of wizardry (right hand)
 w - a ring of fire
 B - an amulet of faith
Talismans
 y - a flux talisman
Wands
 d - a wand of digging (11)
 h - a wand of charming (10)
 s - a wand of mindburst (9)
 A - a wand of light (2)
Scrolls
 j - a scroll of silence
 m - a scroll of fog
 q - a scroll of noise
Potions
 e - 5 potions of curing
 f - 3 potions of enlightenment
 l - a potion of magic
 o - 3 potions of cancellation
 t - a potion of lignification
 x - a potion of brilliance


   Skills:
 * Level 8.0 Fighting
 * Level 10.1 Axes
 * Level 6.3 Throwing
 * Level 9.0 Armour
 * Level 6.1 Dodging
 * Level 4.9 Stealth
 * Level 7.9 Shields
 * Level 2.6 Spellcasting
 * Level 1.2 Hexes
 * Level 4.2 Invocations
 * Level 4.9 Evocations
 * Level 3.0 Shapeshifting


You had 12 spell levels left.
You knew the following spells:

 Your Spells              Type           Power      Damage    Failure   Level
a - Tukima's Dance        Hex            3%         N/A       45%         3

Your spell library contained the following spells:

 Spells                   Type           Power      Damage    Failure   Level
 Ensorcelled Hibernation  Hex/Ice        4%         N/A       32%         2
 Dazzling Flash           Conj/Hex       4%         N/A       52%         3
 Passwall                 Erth           1%         N/A       63%         3
 Swiftness                Air            1%         N/A       63%         3
 Volatile Blastmotes      Fire/Tloc      2%         2d10      63%         3
 Passage of Golubria      Tloc           1%         N/A       95%         4
 Silence                  Hex/Air        1%         N/A       99%         5
 Yara's Violent Unravell  Hex/Alch       1%         3d3       99%         5
 Starburst                Conj/Fire      0%         6d3       100%        6
 Lehudib's Crystal Spear  Conj/Erth      0%         10d2      100%        8
 Maxwell's Capacitive Co  Air            0%         ∞         100%        8


Dungeon Overview and Level Annotations

Branches:
Dungeon (9/15)             Temple (1/1) D:4            Lair (1/5) D:9
 Bailey (visited)
    Orc: D:9-12

Altars:
Ashenzari
Cheibriados
Dithmenos
Elyvilon
Fedhas
Gozag
Hepliaklqana
Kikubaaqudgha
Makhleb
Nemelex Xobeh
Okawaru
Qazlal
Ru
Sif Muna
Trog
Uskayaw
Vehumet
Wu Jian
Xom
Yredelemnul
Zin
The Shining One

Shops:
D:4 :   D:9 :*

Annotations:
Lair:1 Gastronok


Innate Abilities, Weirdness & Mutations

You have a pair of horns on your head.
You reflexively headbutt those who attack you in melee.
You are somewhat resistant to further mutation.


Message History

Unknown command.
Aiming: Charm
Press: ? - help, Shift-Dir - straight line, f - lindwurm
Aim: a lindwurm (silenced, almost dead, unaffected by silence, catching its breath, chance to affect: 44%)
Okay, then.
Aiming: Bolt of Light
Press: ? - help, Shift-Dir - straight line, f - Gastronok
Aim: Gastronok, wearing a +0 hat of see invisible (purple smoke, silenced, moderately wounded, 100% to hit)
The bolt of light hits Gastronok!
Gastronok is moderately wounded.
Gastronok is blinded.
The lindwurm bites you. The lindwurm closely misses you.
The lindwurm claws you. Gastronok closely misses you.
Aiming: Bolt of Light
Press: ? - help, Shift-Dir - straight line, p - Gastronok The bolt of light hits the lindwurm.
The lindwurm is almost dead.
The lindwurm is blinded.
The lindwurm closely misses you. The lindwurm completely misses you. x2
Unknown command.
The lindwurm closely misses you. The lindwurm completely misses you. x2
You barely miss the lindwurm.
The lindwurm is almost dead.
The lindwurm bites you! The lindwurm misses you. x2
You slice the lindwurm!!
You kill the lindwurm!
Gastronok is no longer blind.
Your Armour skill increases to level 9!
You see here a lindwurm corpse.
You hit Gastronok.
Gastronok is moderately wounded.
You hit Gastronok but do no damage.
You headbutt Gastronok, but do no damage.
Gastronok is moderately wounded.
Gastronok bites you!!!
* * * LOW HITPOINT WARNING * * *
You barely miss Gastronok.
Gastronok is moderately wounded.
Gastronok bites you!
You die...
Your body glows slightly and disappears.

####### ##.#...# #...!..#
##...... #......# . #...#..#
..##...#..# .......w@.##
[##P....#..# ###...##.##
##.......## ..#
####..#......##
..###.....#.......#
..##..#...P...#...# #
###.##P.#.......#.#.###
###P#.#...#...##.#......######


You could see Gastronok.

Vanquished Creatures
  A lindwurm (Lair:1)
  2 orc knights (Bailey)
  A gargoyle (D:7)
  2 komodo dragons (Lair:1)
  Grinder (D:5)
  A blink frog (Lair:1)
  13 yaks (D:9)
  2 steam dragons
  Grum (Lair:1)
  Menkaure (D:4)
  3 water moccasins
  9 orc warriors
  5 black bears
  7 wolves (Lair:1)
  2 centaurs
  An ogre (D:5)
  A phantom (D:7)
  A kobold brigand (D:9)
  4 bullfrogs
  Blork the orc (D:4)
  2 scorpions
  A gnoll sergeant (D:7)
  9 wights
  A howler monkey (D:8)
  4 hounds
  2 bombardier beetles (D:5)
  An orc priest (D:9)
  Ijyb (D:5)
  3 iguanas
  A sleepcap (D:6)
  Natasha (thrice) (D:4)
  2 orc wizards
  13 gnolls
  9 adders
  A shadow imp (D:7)
  4 white imps
  2 ufetubi (D:6)
  3 ribbon worms
  3 dart slugs
  31 orcs
  7 ball pythons
  6 endoplasms
  5 giant cockroaches
  13 goblins
  6 hobgoblins
  4 jackals (D:5)
  4 quokkas
  7 bats (D:1)
  3 frilled lizards
  12 kobolds
  6 rats
228 creatures vanquished.

Vanquished Creatures (collateral kills)
  A deep elf pyromancer (D:9)
1 creature vanquished.

Vanquished Creatures (others)
  An angel (D:6)
  An orc wizard (D:9)
  An orc (Bailey)
3 creatures vanquished.

Grand Total: 232 creatures vanquished

Notes
Turn   | Place    | Note
-------+----------+-------------------------------------------
     0 | D:1      | UttericTaro the Minotaur Fighter began the quest for the
                  | Orb.
     0 | D:1      | Reached XP level 1. HP: 19/19 MP: 0/0
    65 | D:1      | Reached XP level 2. HP: 22/27 MP: 1/1
   150 | D:1      | Reached skill level 1 in Dodging
   160 | D:2      | Reached XP level 3. HP: 24/33 MP: 2/2
   440 | D:3      | Reached skill level 3 in Axes
   588 | D:3      | Reached XP level 4. HP: 40/40 MP: 3/3
   764 | D:4      | Noticed Natasha
   778 | D:4      | Killed Natasha
   797 | D:4      | Noticed Blork the orc
   802 | D:4      | Killed Blork the orc
   803 | D:4      | Reached skill level 1 in Throwing
   803 | D:4      | Reached skill level 1 in Stealth
   803 | D:4      | Reached XP level 5. HP: 46/46 MP: 4/4
   831 | D:4      | Noticed Natasha
   834 | D:4      | Killed Natasha
   842 | D:5      | Entered Level 5 of the Dungeon
   847 | D:5      | Noticed Grinder
   858 | D:5      | Paralysed by Grinder for 5 turns
   873 | D:5      | Paralysed by Grinder for 4 turns
   881 | D:5      | Paralysed by Grinder for 3 turns
   885 | D:5      | Killed Grinder
   886 | D:5      | Reached skill level 4 in Axes
   886 | D:5      | Reached skill level 5 in Armour
   886 | D:5      | Reached skill level 1 in Evocations
   886 | D:5      | Reached XP level 6. HP: 29/53 MP: 5/5
   970 | D:6      | Found a glowing silver altar of Zin.
   971 | D:6      | Noticed an angel
   972 | D:6      | Found a shimmering altar of Xom.
  1009 | D:6      | Found a glowing golden altar of the Shining One.
  1139 | D:6      | Found an ancient bone altar of Kikubaaqudgha.
  1439 | D:6      | Reached skill level 5 in Axes
  1439 | D:6      | Reached XP level 7. HP: 24/60 MP: 6/6
  1470 | D:6      | Killed an angel
  1743 | D:7      | Noticed a steam dragon
  2044 | D:6      | Reached skill level 5 in Shields
  2271 | D:5      | Found a broken altar of Ashenzari.
  2452 | D:5      | Reached skill level 5 in Fighting
  2536 | D:5      | Noticed a steam dragon
  2553 | D:5      | Killed a steam dragon
  2554 | D:5      | Reached skill level 6 in Axes
  2554 | D:5      | Reached XP level 8. HP: 35/68 MP: 7/7
  2864 | D:5      | Noticed Ijyb
  2873 | D:5      | Killed Ijyb
  3234 | D:4      | Found a staircase to the Ecumenical Temple.
  3235 | D:4      | Noticed Natasha
  3242 | D:4      | Killed Natasha
  3252 | Temple   | Entered the Ecumenical Temple
  3308 | Temple   | Became a worshipper of Nemelex Xobeh the Trickster
  3474 | D:4      | Found Upaor's Book Shop.
  3552 | D:4      | Noticed Menkaure
  3563 | D:4      | Killed Menkaure
  3564 | D:4      | Reached skill level 7 in Axes
  4460 | D:2      | Reached * piety under Nemelex Xobeh
  4460 | D:2      | Received a gift from Nemelex Xobeh
  4929 | D:1      | Found a faded altar of an unknown god.
  5221 | D:2      | You fall into a shaft and drop 1 floor!
  5364 | D:7      | Noticed a gargoyle
  5399 | D:7      | Killed a gargoyle
  5400 | D:7      | Reached XP level 9. HP: 16/75 MP: 8/8
  5643 | D:7      | Reached skill level 1 in Invocations
  5902 | D:7      | Received a gift from Nemelex Xobeh
  5927 | D:7      | Reached skill level 1 in Shapeshifting
  6582 | D:8      | Reached ** piety under Nemelex Xobeh
  7234 | D:9      | Found a flagged portal.
  7243 | Bailey   | Entered a bailey
  7546 | Bailey   | Reached skill level 8 in Axes
  7546 | Bailey   | Reached skill level 5 in Throwing
  7546 | Bailey   | Reached skill level 5 in Dodging
  7546 | Bailey   | Reached XP level 10. HP: 86/86 MP: 9/12
  7548 | Bailey   | Noticed an orc knight
  7548 | Bailey   | Noticed an orc knight
  7565 | Bailey   | Killed an orc knight
  7572 | Bailey   | Killed an orc knight
  7573 | Bailey   | Reached XP level 11. HP: 48/92 MP: 13/13
  7776 | Bailey   | Learned a level 3 spell: Tukima's Dance
  8412 | D:9      | Found an opulent altar of Gozag.
  8433 | D:9      | Reached skill level 9 in Axes
  8820 | D:9      | Found Onedeudgh's Demolitions Depot.
  8929 | D:9      | Received a gift from Nemelex Xobeh
  8929 | D:9      | Found a staircase to the Lair.
  9125 | D:9      | Found a basalt altar of Yredelemnul.
  9364 | D:9      | Found Vebloh's Book Shoppe.
  9507 | D:9      | Noticed a deep elf pyromancer
  9515 | D:9      | Killed a deep elf pyromancer
  9618 | D:9      | Found an iron altar of Okawaru.
  9631 | D:9      | Found a sacrificial altar of Ru.
  9638 | D:9      | Found a bloodstained altar of Trog.
  9642 | D:9      | Found a burning altar of Makhleb.
  9648 | D:9      | Found a hide-covered altar of Uskayaw.
  9688 | Lair:1   | Entered Level 1 of the Lair of Beasts
  9764 | Lair:1   | Reached *** piety under Nemelex Xobeh
  9778 | Lair:1   | Reached skill level 1 in Hexes
  9914 | Lair:1   | Received a gift from Nemelex Xobeh
  9972 | Lair:1   | Noticed a lindwurm
 10229 | Lair:1   | Gained mutation: You are somewhat resistant to further
                  | mutation. [potion of mutation]
 10284 | Lair:1   | Noticed Grum
 10298 | Lair:1   | Killed Grum
 10316 | Lair:1   | Reached skill level 10 in Axes
 10493 | Lair:1   | Noticed Gastronok
 10509 | Lair:1   | Killed a lindwurm
 10512 | Lair:1   | HP: 2/94 [Gastronok (36)]
 10513 | Lair:1   | Mangled by Gastronok

Illustrated notes

Levels and vault maps discovered:
D:1:      saegor_arrival_simple_e, layout_rooms,
          ebering_ecumenical_altar_abandoned
D:2:      layout_basic
D:3:      layout_loops_ring
D:4:      layout_basic, minmay_temple_entry_stoned_glass, serial_shops, shop,
          uniq_natasha, uniq_blork_the_orc, uniq_menkaure
D:5:      layout_basic, mainiacjoe_overflow_chevrons, uniq_grinder, uniq_ijyb
D:6:      layout_basic, mainiacjoe_overflow_alcove_2, tso_altar,
          grunt_temple_overflow_order_and_chaos_1, kennysheep_generic_room_9
D:7:      layout_loops_ring
D:8:      layout_basic
D:9:      layout_small_grid, nicolae_gozag_seed_capital,
          yredelemnul_altar_generic, nicolae_overflow_hallway_of_the_gods,
          enter_bailey_3, serial_shops, nicolae_shop_behind_doors,
          nicolae_blasting_shop
Temple:   hellmonk_temple_flake
Lair:1:   layout_misc_corridors, chequers_serial_rivers_micro_c, uniq_grum,
          uniq_gastronok

Skill      XL: |  1  2  3  4  5  6  7  8  9 10 11 |
---------------+----------------------------------+-----
Shields        | 4 5 7 |  7.9
Dodging        | 1 2 3 5 6 |  6.1
Armour         | 4 5 6 8 9 |  9.0
Fighting       | 4 5 7 8 |  8.0
Axes           | 3 4 5 6 7 8 10 | 10.1
Throwing       | 1 2 4 5 6 |  6.3
Stealth        | 1 2 4 |  4.9
Evocations     | 1 2 4 |  4.9
Invocations    | 3 4 |  4.2
Shapeshifting  | 2 3 |  3.0
Spellcasting   | 2 |  2.6
Hexes          | 1 |  1.2

Action                     |  1- 3 |  4- 6 |  7- 9 | 10-12 || total
---------------------------+-------+-------+-------+-------++-------
  Melee: War axe           |    60 |    62 |   238 |   180 ||   540
         Headbutt          |     5 |     9 |    32 |    52 ||    98
         Battleaxe         |       |       |       |    32 ||    32
  Throw: Dart              |    10 |    11 |    18 |     2 ||    41
         Boomerang         |       |       |    71 |       ||    71
   Cast: Tukima's Dance    |       |       |       |     1 ||     1
 Invoke: Draw Destruction  |       |       |     2 |     2 ||     4
         Draw Summoning    |       |       |       |     1 ||     1
  Evoke: Wand              |       |       |    12 |    11 ||    23
    Use: Scroll            |     5 |     5 |     8 |     4 ||    22
         Potion            |       |     1 |     5 |     1 ||     7
   Stab: Invisible         |       |       |     2 |       ||     2
 Armour: Scale mail        |    59 |    50 |   135 |   136 ||   380
         Skin              |       |       |    18 |       ||    18
  Dodge: Dodged            |    47 |    76 |   245 |   214 ||   582
  Block: Buckler           |    20 |    25 |   109 |    71 ||   225
